 Dungeon Crawl Stone Soup version 0.25-a0-496-g8c4878dea3 (webtiles) character file.

Game seed: 5219278654488461241, levelgen mode: deterministic

630 BeastOfSaturn the Firebug (level 7, -2/48 HPs)
             Began as a Demonspawn Fire Elementalist on Feb 12, 2020.
             Slain by a slave (3 damage)
             ... led by Pikel
             ... on level 4 of the Dungeon.
             The game lasted 00:32:46 (7293 turns).

BeastOfSaturn the Firebug (DsFE)                    Turns: 7293, Time: 00:32:47

Health: -2/48      AC: 10    Str: 10    XL:     7   Next: 24%
Magic:  0/12       EV: 12    Int: 17    God:
Gold:   212        SH:  0    Dex: 13    Spells: 0/12 levels left

rFire    . . .     SeeInvis .   r - +0 hand axe (vorpal)
rCold    . . .     Gourm    .   (no shield)
rNeg     . . .     Faith    .   f - +0 leather armour
rPois    .         Spirit   +   (helmet restricted)
rElec    .         Reflect  .   (no cloak)
rCorr    .         Harm     .   (no gloves)
MR       .....                  b - +0 pair of boots
Stlth    ++........             (no amulet)
HPRegen  0.16/turn              (no ring)
MPRegen  0.13/turn              (no ring)

@: sanguine armour, very slightly contaminated
A: antennae 2, magic shield, sanguine armour 1
a: no special abilities


You were on level 4 of the Dungeon.
You were not hungry.

You visited 1 branch of the dungeon, and saw 4 of its levels.
You also visited: Sewer.

You collected 212 gold pieces.

Inventory:

Hand Weapons
 r - a +0 vorpal hand axe (weapon)
Armour
 a - a +0 robe
 b - a +0 pair of boots (worn)
 f - a +0 leather armour (worn)
 k - a +0 ring mail
 m - a +0 scale mail
Wands
 d - a wand of random effects (17)
Scrolls
 c - a scroll of remove curse
 e - 4 scrolls of identify
 g - 3 scrolls of fear
 i - a scroll of enchant weapon {unknown}
 l - 2 scrolls of teleportation {unknown}
 p - a scroll of enchant armour {unknown}
 s - a scroll of blinking {unknown}
 t - a scroll of immolation {unknown}


   Skills:
 + Level 1.4 Fighting
   Level 0.1 Short Blades
 + Level 1.2(1.3) Axes
   Level 0.8(1.1) Maces & Flails
 * Level 3.2 Armour
 + Level 2.7 Dodging
 - Level 1.7 Stealth
 - Level 0.3 Unarmed Combat
 + Level 3.3 Spellcasting
 + Level 2.6 Conjurations
 * Level 4.2 Fire Magic
 + Level 1.2 Evocations


You couldn't memorise any spells.
You knew the following spells:

 Your Spells              Type           Power        Failure   Level  Hunger
a - Foxfire               Conj/Fire      ##..         5%          1    None
b - Inner Flame           Hex/Fire       ##......     28%         3    ###....
c - Sticky Flame          Conj/Fire      ##......     47%         4    ####...
d - Magic Dart            Conj           ##..         8%          1    None
e - Mephitic Cloud        Conj/Pois/Air  #.......     43%         3    ###....

Your spell library contained the following spells:

 Spells                   Type           Power        Failure   Level  Hunger
 Conjure Flame            Conj/Fire      ##......     16%         3    ###....
 Blink                    Tloc           N/A          32%         2    ##.....
 Call Imp                 Summ           #.......     32%         2    ##.....
 Slow                     Hex            #.......     32%         2    ##.....
 Fireball                 Conj/Fire      ##........   83%         5    ######.


Dungeon Overview and Level Annotations

Branches:
Dungeon (4/15)              Sewer (visited)
 Temple: D:4-7

Altars:
Cheibriados
Trog
Wu Jian

Annotations:
D:3 1 runed translucent door, Crazy Yiuf
D:4 Pikel


Innate Abilities, Weirdness & Mutations

You have a pair of antennae on your head.
When hurt, damage is shared between your health and your magic reserves.
When seriously injured, your bleeding wounds create armour. (AC +6)


Message History

Press: ? - help, Shift-Dir - straight line, f/p - Pikel
Aim: Pikel, wielding a +1 whip of flaming and wearing a +0 robe (almost dead, confused)
You miscast Magic Dart.
You are momentarily dazzled by a flash of light!
The slave barely misses you. Pikel asks, "Who are you?"
Pikel completely misses the quokka.
The slave hits you but does no damage.
Casting: Magic Dart (safe; 8% risk of failure)
Confirm with . or Enter, or press ? or * to list all spells.
Aiming: Magic Dart (safe; 8% risk of failure)
Press: ? - help, Shift-Dir - straight line, f/p - Pikel
Aim: Pikel, wielding a +1 whip of flaming and wearing a +0 robe (almost dead, confused)
The magic dart hits Pikel.
Pikel is almost dead.
The slave hits you but does no damage. The slave hits you!
* * * LOW HITPOINT WARNING * * *
You hit Pikel.
Pikel is almost dead.
You barely miss the slave. You closely miss the slave. The slave hits you.
You die...

#..$..# .# # #.#.. #...# #.#
#.#.#.# ##..##.# ## #.#.#.##
#..pK###.. #......##
#.....#.#.#
#................##<#
#....>. ####........#
########.###.######.....##.#
#....>......p@Kr...........#
#.#####..###p####.########.#
#.# #..##.%{###.# #.# #.#
#...........# #.# #.#
#.....p.....# #.# #(#
#.####......# #.# #^#
#......# #.# #.# #......#
#.# #.# #.....(#


You could see Pikel (confused), 3 slaves and a quokka.

Vanquished Creatures
  Edmund (D:2)
  A slave (D:3)
  A crocodile (Sewer)
  A scorpion (D:4)
  An orc priest (D:3)
  A gnoll shaman (D:3)
  2 worker ants
  Natasha (thrice) (D:3)
  5 gnolls (D:4)
  5 adders
  An ooze (D:2)
  An adder skeleton (D:4)
  2 worms (D:3)
  5 dart slugs
  4 leopard geckos
  6 orcs
  14 bats
  11 giant cockroaches
  8 goblins
  4 hobgoblins
  A jackal (D:3)
  2 frilled lizards
  11 kobolds
  A quokka skeleton (D:4)
  12 rats
104 creatures vanquished.

Vanquished Creatures (others)
  240 foxfires
240 creatures vanquished.

Grand Total: 344 creatures vanquished

Notes
Turn   | Place    | Note
-------+----------+-------------------------------------------
     0 | D:1      | BeastOfSaturn the Demonspawn Fire Elementalist began the
                  | quest for the Orb.
     0 | D:1      | Reached XP level 1. HP: 13/13 MP: 3/3
   374 | D:1      | Reached skill level 3 in Fire Magic
   374 | D:1      | Gained mutation: When seriously injured, your bleeding
                  | wounds create armour. (AC +6) [demonic ancestry]
   374 | D:1      | Reached XP level 2. HP: 19/19 MP: 0/5
  1065 | D:1      | Gained mutation: When hurt, damage is shared between your
                  | health and your magic reserves. [demonic ancestry]
  1065 | D:1      | Reached XP level 3. HP: 13/24 MP: 1/6
  1117 | D:1      | Learned a level 3 spell: Inner Flame
  1935 | D:2      | Found a snail-covered altar of Cheibriados.
  2440 | D:2      | Reached XP level 4. HP: 30/31 MP: 3/7
  2754 | D:2      | Found a bloodstained altar of Trog.
  2765 | D:2      | Found an ornate altar of the Wu Jian Council.
  2840 | D:3      | Learned a level 4 spell: Sticky Flame
  2847 | D:3      | Found a glowing drain.
  2870 | Sewer    | Entered a sewer
  3057 | Sewer    | Noticed a crocodile
  3108 | Sewer    | Killed a crocodile
  3108 | Sewer    | Reached skill level 1 in Armour
  3108 | Sewer    | Reached XP level 5. HP: 14/36 MP: 0/9
  3765 | D:3      | Noticed Natasha
  3780 | D:3      | Killed Natasha
  3780 | D:3      | Reached skill level 1 in Fighting
  3944 | D:3      | Noticed Natasha
  3956 | D:3      | Killed Natasha
  4329 | D:3      | Noticed Natasha
  4338 | D:3      | Gained mutation: You have a pair of small antennae on your
                  | head. [demonic ancestry]
  4338 | D:3      | Reached XP level 6. HP: 43/43 MP: 7/10
  4348 | D:3      | Killed Natasha
  4367 | D:3      | Reached skill level 4 in Fire Magic
  4867 | D:3      | Found a runed translucent door.
  4868 | D:3      | Noticed Crazy Yiuf
  4885 | D:4      | Noticed Edmund
  5149 | D:2      | Killed Edmund
  5732 | D:4      | Noticed Pikel
  5740 | D:4      | Noticed a slave
  6066 | D:4      | HP: 1/43 [gnoll/+0 halberd (6)]
  6421 | D:4      | Gained mutation: You have a pair of antennae on your head.
                  | [demonic ancestry]
  6421 | D:4      | Reached XP level 7. HP: 38/48 MP: 6/11
  6548 | D:4      | Learned a level 1 spell: Magic Dart
  6745 | D:4      | Reached skill level 1 in Evocations
  6970 | D:4      | Reached skill level 1 in Axes
  7219 | D:4      | Learned a level 3 spell: Mephitic Cloud
  7292 | D:4      | HP: 1/48 [slave[Pikel] (3)]
  7293 | D:4      | Slain by a slave

Levels and vault maps discovered:
D:1:      psy_arrival_spokes, layout_loops_corners
D:2:      layout_basic, nicolae_overflow_crystal_walls, lemuel_crystal_altar,
          bloody_trog
D:3:      minmay_spotlight, layout_basic, gup_sewer_entry_glass,
          uniq_crazy_yiuf_cottage, uniq_natasha
D:4:      layout_loops_ring, old_standard_altar, minmay_temple_entry_trees,
          first_ration, enter_ossuary_1, uniq_pikel, uniq_edmund

Skill      XL: |  1  2  3  4  5  6  7 |
---------------+----------------------+-----
Fire Magic     | 3 4 |  4.2
Dodging        | 2 |  2.7
Armour         | 1 2 3 |  3.2
Conjurations   | 2 |  2.6
Fighting       | 1 |  1.4
Spellcasting   | 3 |  3.3
Evocations     | 1 |  1.2
Axes           | 1 |  1.2
Short Blades   | |  0.1
Maces & Flails | |  0.8
Stealth        | |  1.7
Unarmed Combat | |  0.3

Action                   |  1- 3 |  4- 6 |  7- 9 || total
-------------------------+-------+-------+-------++-------
Melee: Unarmed           |    38 |       |       ||    38
       Whip              |    78 |    60 |       ||   138
       Short sword       |     5 |       |       ||     5
       Punch             |     1 |       |       ||     1
       Hand axe          |       |    91 |    83 ||   174
 Cast: Foxfire           |    52 |   102 |     1 ||   155
       Inner Flame       |     2 |       |       ||     2
       Magic Dart        |       |       |    10 ||    10
       Mephitic Cloud    |       |       |     2 ||     2
Evoke: Wand              |       |    15 |       ||    15
  Use: Scroll            |     2 |     4 |       ||     6
       Potion            |     1 |     3 |     3 ||     7
 Stab: Sleeping          |     1 |       |     1 ||     2
       Confused          |       |       |     1 ||     1
  Eat: Ration            |     2 |     3 |     1 ||     6
       Chunk             |     1 |     1 |       ||     2
Armor: Robe              |    47 |    12 |       ||    59
       Ring mail         |       |    75 |    30 ||   105
       Leather armour    |       |       |     9 ||     9
Dodge: Dodged            |   115 |   160 |    54 ||   329

Table legend:
 A = Non-vault XP
 B = Vault XP
 C = Vault XP percentage of total XP
 D = Non-vault monster count
 E = Vault monster count
 F = Vault count percentage of total count
                 A         B        C        D         E       F
            +---------+---------+-------+---------+---------+-------
      Total |     563 |     337 |  37.4 |      85 |      18 |  17.5
            +---------+---------+-------+---------+---------+-------
        D:1 |      51 |       0 |   0.0 |      28 |       0 |   0.0
        D:2 |      81 |     162 |  66.7 |      25 |       1 |   3.8
        D:3 |     242 |      59 |  19.6 |      19 |      11 |  36.7
        D:4 |     189 |       0 |   0.0 |      13 |       0 |   0.0
      Sewer |       0 |     116 | 100.0 |       0 |       6 | 100.0
            +---------+---------+-------+---------+---------+-------
